 Dungeon Crawl Stone Soup version bcrawl-1.33.1b (webtiles) character file.

Game seed: 17079272212599124004

124864 Metae the Cutter (level 5, -5/33 HPs)
             Began as an Avariel Reaver on Aug 29, 2021.
             Was a Believer of Vehumet.
             Slain by tinus's ghost (8 damage)
             ... on level 2 of the Dungeon.
             The game lasted 00:35:13 (3693 turns).

Metae the Cutter (Avariel Reaver)                   Turns: 3693, Time: 00:35:14

Health: -5/33      AC:  7    Str: 10    XL:     5   Next: 90%
Magic:  9/11       EV:  9    Int: 20    God:    Vehumet [**....]
Gold:   102        SH:  0    Dex: 11    Spells: 6/10 levels left

rFire    . . .     SeeInvis .   a - +0 rapier
rCold    . . .     Gourm    .   (no shield)
rNeg     . . .     Faith    +   q - +0 scale mail
rPois    .         Spirit   .   h - +0 helmet
rElec    .         Reflect  .   (no cloak)
rCorr    .         Harm     .   (no gloves)
MR       +....                  (no boots)
Stlth    ..........             k - amulet of faith
HPRegen  0.11/turn              f - ring of protection from magic
MPRegen  0.12/turn              (no ring)

@: very slightly contaminated
A: no striking features
a: Renounce Religion


You were on level 2 of the Dungeon.
You worshipped Vehumet.
Vehumet was pleased with you.
You were not hungry.

You visited 1 branch of the dungeon, and saw 3 of its levels.

You collected 102 gold pieces.

Inventory:

Hand Weapons
 a - a +0 rapier (weapon)
 o - a +0 mace
Missiles
 v - 105 poisoned tomahawks (quivered)
Armour
 b - +0 steam dragon scales
 h - a +0 helmet (worn)
 q - a +0 scale mail (worn)
 s - a +2 robe of magic recovery
Jewellery
 f - a ring of protection from magic (left hand)
 k - an amulet of faith (around neck)
 y - an uncursed amulet of faith
Wands
 r - a wand of enslavement (8)
 t - a wand of digging (11)
Scrolls
 d - a scroll of immolation
 g - a scroll of magic mapping {unknown}
 i - 2 scrolls of identify
 l - a scroll of enchant weapon {unknown}
 m - a scroll of teleportation
 n - 2 scrolls of fear {unknown}
 w - a scroll of noise {unknown}
 x - a scroll of fog {unknown}
Potions
 c - 2 potions of haste
 u - a potion of brilliance {unknown}
Comestibles
 e - 3 rations {!d}


   Skills:
 * Level 4.2 Fighting
 + Level 4.4 Short Blades
 + Level 0.4 Throwing
 + Level 1.1 Armour
 + Level 4.1 Dodging
 + Level 0.8 Stealth
 + Level 3.0 Spellcasting
 + Level 0.4 Charms


You had 6 spell levels left.
You knew the following spells:

 Your Spells              Type           Power        Failure   Level  Hunger
a - Infusion              Chrm           #.......     63%         1    None
b - Sandblast             Erth           #.....       26%         1    None
c - Shock                 Conj/Air       #....        26%         1    None
d - Flame Tongue          Conj/Fire      #....        26%         1    None

Your spell library contained the following spells:

 Spells                   Type           Power        Failure   Level  Hunger
 Apportation              Tloc           #.....       69%         1    None
 Slow                     Hex            #.......     69%         1    None
 Summon Butterflies       Summ           #.......     69%         1    None
 Iskenderun's Battlesphe  Conj/Chrm      #.......     99%         5    ######.


Dungeon Overview and Level Annotations

Branches:
Dungeon (3/12)

Altars:
Makhleb

Annotations:
D:2 tinus's ghost, weakling GrRe


Message History

Confirm with . or Enter, or press ? or * to list all spells.
Aiming: Flame Tongue (safe; 26% risk of failure)
Press: ? - help, Shift-Dir - straight line, f/p - tinus's ghost
Aim: tinus's ghost (severely damaged)
The flame tongue hits tinus's ghost but does no damage.
Tinus's ghost is severely damaged.
Tinus's ghost hits you.
You hit tinus's ghost but do no damage.
Tinus's ghost is severely damaged.
Tinus's ghost hits you.
Press: ? - help, v - describe, . - travel There isn't anything here!
That item cannot be evoked!
There are no items here.
Tinus's ghost hits you but does no damage.
Tinus's ghost hits you!
* * * LOW HITPOINT WARNING * * *
Tinus's ghost threatens, "I'm fresh out of hellfire, but you will end anyway."
Tinus's ghost hits you!
You die...

#...# #.........>.'.....<.
#...# #...........#.#.....
#...# #...........#.#.#'##
#...# #...........'.#.#..#
#...####...........#.#.#...
#...........#...#......##..
###.........#...#.##.#####.
#.......W.#...#'##....##.
###...##@........#....##.
#..............#....##.
#####..............'.......
#....##............#.#.....
#....##....##......#.#.....
#....#####.........#.#.....
#..................#.#.....
#..............#####.......
#..................###...##


You could see tinus's ghost.

Vanquished Creatures
  The ghost of ploum the Ducker, an amateur GnRe of Vehumet (D:3)
  3 adders
  An ooze (D:3)
  An adder zombie (D:3)
  7 worms
  2 dart slugs
  A leopard gecko (D:1)
  An orc (D:3)
  3 ball pythons
  A giant cockroach (D:2)
  9 goblins
  11 hobgoblins
  5 kobolds
  A quokka (D:2)
  8 bats
  5 frilled lizards
  6 rats
  2 fungi (D:2)
68 creatures vanquished.

Vanquished Creatures (others)
  An orc (D:3)
  2 withered plants (D:3)
3 creatures vanquished.

Grand Total: 71 creatures vanquished

Notes
Turn   | Place    | Note
-------+----------+-------------------------------------------
     0 | D:1      | Metae the Avariel Reaver began the quest for the Orb.
     0 | D:1      | Reached XP level 1. HP: 13/13 MP: 6/6
   235 | D:1      | Reached XP level 2. HP: 18/18 MP: 7/7
  1002 | D:2      | Reached XP level 3. HP: 23/23 MP: 9/9
  1144 | D:2      | Learned a level 1 spell: Infusion
  1146 | D:2      | Learned a level 1 spell: Sandblast
  1203 | D:2      | Reached * piety under Vehumet
  1203 | D:2      | Offered knowledge of Shock by Vehumet.
  1210 | D:2      | Learned a level 1 spell: Shock
  1583 | D:2      | Reached XP level 4. HP: 14/28 MP: 10/10
  2867 | D:3      | Reached ** piety under Vehumet
  2869 | D:3      | Reached XP level 5. HP: 26/33 MP: 11/11
  2922 | D:3      | Offered knowledge of Flame Tongue by Vehumet.
  3041 | D:3      | Found a burning altar of Makhleb.
  3043 | D:3      | Noticed a green death
  3047 | D:3      | Noticed an orange demon
  3047 | D:3      | Noticed a hellwing
  3162 | D:3      | Learned a level 1 spell: Flame Tongue
  3186 | D:3      | Found a runed translucent gate.
  3187 | D:3      | Found a runed translucent gate.
  3188 | D:3      | Found a runed translucent gate.
  3189 | D:3      | Noticed tinus's ghost (weakling GrRe)
  3190 | D:3      | Noticed ploum's ghost (amateur GnRe)
  3408 | D:3      | Killed ploum's ghost
  3409 | D:3      | Reached skill level 1 in Armour
  3693 | D:2      | Slain by tinus's ghost

Skill      XL: |  1  2  3  4  5 |
---------------+----------------+-----
Fighting       | 3 4 |  4.2
Dodging        | 4 |  4.1
Short Blades   | 4 |  4.4
Armour         | 1 |  1.1
Spellcasting   | 3 |  3.0
Throwing       | |  0.4
Stealth        | |  0.8
Charms         | |  0.4

Action                   |  1- 3 |  4- 6 || total
-------------------------+-------+-------++-------
Melee: Rapier            |   146 |   177 ||   323
Throw: Tomahawk          |       |    14 ||    14
 Cast: Shock             |     5 |     4 ||     9
       Infusion          |     1 |     2 ||     3
       Flame Tongue      |       |     4 ||     4
Evoke: Wand              |       |     1 ||     1
  Use: Potion            |       |     4 ||     4
       Scroll            |       |     3 ||     3
  Eat: Chunk             |     2 |     2 ||     4
       Ration            |     1 |     3 ||     4
Armor: Steam dragon scal |    43 |     2 ||    45
       Scale mail        |       |    69 ||    69
Dodge: Dodged            |    78 |    83 ||   161
